 Dungeon Sprint DCSS version 0.26-a0-1033-gd598b01645 (webtiles) character file.

Game seed: 13723371162928392429

4228 sahdkjhfkaj the Geomancer (level 10, 0/84 HPs)
             Began as a Troll Transmuter on Dec 11, 2020.
             Was an Initiate of Gozag.
             Slain by an orc warrior
             ... wielding a +0 mace
              (14 damage)
             ... in the Dungeon (Sprint V: "Ziggurat Sprint").
             The game lasted 00:05:29 (1147 turns).

sahdkjhfkaj the Geomancer (Troll Transmuter)        Turns: 1147, Time: 00:05:30

Health: 0/84       AC: 19    Str: 32    XL:     10   Next: 9%
Magic:  21/21      EV:  2    Int: 12    God:    Gozag
Gold:   1188       SH: 30    Dex: 10    Spells: 24/25 levels left

rFire    . . .     SeeInvis .     - Unarmed
rCold    . . .     Faith    .   B - +18 shield of the Gong {rElec rN+ Will+ EV-5}
rNeg     + . .     Spirit   .   A - +5 storm dragon scales
rPois    .         Reflect  .   (helmet restricted)
rElec    +         Harm     .   (no cloak)
rCorr    .         Rampage  .   (gloves unavailable)
Will     +....     NoTele   +   (boots unavailable)
Stlth    ..........             (no amulet)
HPRegen  0.64/turn              w - +6 ring of strength
MPRegen  0.17/turn              v - +6 ring of strength

@: no status effects
A: large, unfitting armour, claws 3, regeneration 1, shaggy fur 1, tough skin 3
a: Potion Petition, Call Merchant, Bribe Branch, Renounce Religion


You were in the Dungeon.
You worshipped Gozag.
Gozag was most pleased with you.
You visited 1 branch You collected 2610 gold pieces.
You paid 1422 gold pieces to Gozag.

Inventory:

Missiles
 H - a throwing net {!f}
Armour
 a - a +0 robe
 A - +5 storm dragon scales (worn)
 B - the +18 shield of the Gong (worn) {rElec rN+ Will+ EV-5}
   (You found it in the Dungeon)

   It affects your evasion (-5).
   It insulates you from electricity.
   It protects you from negative energy.
   It affects your willpower, your defense against some magical effects.
Jewellery
 r - an uncursed ring of flight
 t - a +6 ring of intelligence
 u - a +6 ring of dexterity
 v - a +6 ring of strength (right claw)
 w - a +6 ring of strength (left claw)
 C - the cursed ring of Goraigov {rPois AC-4 Int+9}
   (You found it in the Dungeon)

   [ring of protection]

   It affects your AC (-4).
   It affects your intelligence (+9).
   It protects you from poison.
   It has a curse placed upon it.
 E - the ring "Luskos" {rC+ rN+ Str+3 Dex-4}
   (You found it in the Dungeon)

   [ring of protection from cold]

   It affects your strength (+3).
   It affects your dexterity (-4).
   It protects you from cold.
   It protects you from negative energy.
 T - a +6 ring of intelligence
Wands
 x - a wand of disintegration (7)
 y - a wand of iceblast (4) {@v4}
 z - a wand of acid (7) {@v2}
Scrolls
 h - 4 scrolls of blinking {@r4}
 k - 4 scrolls of amnesia
 m - 7 scrolls of fog
 n - a scroll of holy word
 o - 5 scrolls of identify {@r1}
 p - 5 scrolls of remove curse {@r2}
 q - 2 scrolls of fear
 F - a scroll of brand weapon
Potions
 b - 2 potions of brilliance
 c - 8 potions of curing {@q1}
 d - 2 potions of heal wounds {@q2}
 e - 6 potions of haste {@q3}
 f - 7 potions of magic
 g - a potion of berserk rage
 i - 2 potions of invisibility
 j - 4 potions of resistance {@q6}
 l - 5 potions of might {@q4}
Miscellaneous
 s - a lightning rod (4/4)
 D - a tin of tremorstones (2/2)
 G - a condenser vane


   Skills:
 + Level 1.0 Fighting
 - Level 1.5 Dodging
 - Level 9.0 Shields
 * Level 3.2 Unarmed Combat
 + Level 8.2 Spellcasting
 + Level 9.8 Transmutations
 + Level 11.2 Earth Magic


You had 24 spell levels left.
You knew the following spells:

 Your Spells              Type           Power        Failure   Level
a - Beastly Appendage     Tmut           ####..       1%          1

Your spell library contained the following spells:

 Spells                   Type           Power        Failure   Level
 Wereblood                Tmut           ####....     1%          2
 Petrify                  Tmut/Erth      ####....     10%         4
 Stone Arrow              Conj/Erth      ###...       22%         3
 Spider Form              Tmut/Pois      ###.......   30%         3
 Blade Hands              Tmut           ####......   36%         5
 Ignite Poison            Fire/Tmut/Pois ##......     50%         3
 Corona                   Hex            #......      58%         1
 Freeze                   Ice            #...         58%         1
 Ice Form                 Ice/Tmut       ###.....     69%         4
 Blink                    Tloc           N/A          75%         2
 Ensorcelled Hibernation  Hex/Ice        #.....       75%         2
 Sublimation of Blood     Necr           #.........   75%         2
 Confusing Touch          Hex            #.......     92%         3
 Dazzling Flash           Conj/Hex       #.....       92%         3
 Frozen Ramparts          Ice            #.....       92%         3
 Gell's Gravitas          Tloc           #.........   92%         3
 Lesser Beckoning         Tloc           #.........   92%         3
 Ozocubu's Armour         Ice            #.......     92%         3
 Teleport Other           Tloc           #.......     92%         3
 Tukima's Dance           Hex            #.......     92%         3
 Alistair's Intoxication  Tmut/Pois      ###......    95%         5
 Irradiate                Conj/Tmut      ###.......   95%         5
 Hailstorm                Conj/Ice       #.......     100%        4
 Passage of Golubria      Tloc           N/A          100%        4
 Summon Ice Beast         Ice/Summ       #.......     100%        4
 Metabolic Englaciation   Hex/Ice        #.........   100%        5
 Eringya's Noxious Bog    Tmut/Pois      ###.......   100%        6
 Freezing Cloud           Conj/Ice/Air   #.........   100%        6
 Ozocubu's Refrigeration  Ice            #.........   100%        6
 Simulacrum               Ice/Necr       #.........   100%        6
 Chain Lightning          Conj/Air       #.........   100%        8
 Lehudib's Crystal Spear  Conj/Erth      ###.......   100%        8
 Absolute Zero            Ice            #.........   100%        9
 Fire Storm               Conj/Fire      #.........   100%        9


Dungeon Overview and Level Annotations

Branches:
Dungeon (1/1)

Altars:
Ashenzari
Cheibriados
Dithmenos
Elyvilon
Fedhas
Gozag
Hepliaklqana
Kikubaaqudgha
Makhleb
Nemelex Xobeh
Okawaru
Qazlal
Ru
Sif Muna
Trog
Uskayaw
Vehumet
Wu Jian
Xom
Yredelemnul
Zin
The Shining One
Beogh
Jiyva
Lugonu

Shops:
D :}

Annotations:
D 1 transporter


Innate Abilities, Weirdness & Mutations

You are too large for most types of armour.
You have claws for hands.
Your natural rate of healing is unusually fast.
You are covered in fur. (AC +1)
You have extremely tough skin. (AC +3)


Message History

The orc warrior hits you but does no damage.
You block the orc's attack.
BOUMMMMG!
You claw the orc priest!
The orc priest is almost dead.
The orc wizard casts a spell at you. The magic dart hits you.
* * * LOW HITPOINT WARNING * * *
The orc priest mumbles some strange prayers to Beogh against you.
Beogh smites you!
* * * LOW HITPOINT WARNING * * *
You block the orc's attack.
SHROANNG!
You hear a shout!
You scratch the orc warrior.
The orc warrior is severely wounded.
You block the orc's attack.
GONNNNG!
The orc warrior hits you with a +0 mace!
You die...
Your body crumbles into a pile of gold.

▓....©....▓...©...▓
▓▓▓▓▓▓▓▓▓▓▓▓▓▓▓▓▓▓▓
▓...8©8...▓
▓..:|.|)..▓
▓...)|[|..▓
▓.........▓
▓.........▓
▓...ooo...▓
▓...o@o...▓
▓.▓.{oo.▓.▓
▓....©....▓
▓▓▓▓▓▓▓▓▓▓▓


You could see an orc warrior, 2 orc priests, an orc wizard and 3 orcs.

Vanquished Creatures
  An eye of devastation (D)
  A cane toad (D)
  5 merfolk (D)
  4 slime creatures (D)
  A yak (D)
  2 golden eyes (D)
  2 water moccasins (D)
  A floating eye (D)
  3 orc warriors (D)
  An eye of draining (D)
  2 wolves (D)
  A centaur (D)
  2 bullfrogs (D)
  3 orc priests (D)
  4 jellies (D)
  3 orc wizards (D)
  An iguana (D)
  An adder (D)
  A river rat (D)
  An ooze (D)
  4 orcs (D)
  A ball python (D)
  A jackal (D)
46 creatures vanquished.

Notes
Turn   | Place    | Note
-------+----------+-------------------------------------------
     0 | D        | sahdkjhfkaj the Troll Transmuter began the quest for the
                  | Orb.
     0 | D        | Reached XP level 1. HP: 18/18 MP: 1/1
     0 | D        | Found a shimmering blue altar of Sif Muna.
     0 | D        | Found a sacrificial altar of Ru.
     0 | D        | Found a bloodstained altar of Trog.
     0 | D        | Found a stormy altar of Qazlal.
     0 | D        | Found an iron altar of Okawaru.
     0 | D        | Found a sparkling altar of Nemelex Xobeh.
     0 | D        | Found a blossoming altar of Fedhas.
     1 | D        | Found the +6 Majin-Bo {vamp, MP+6 Int+6}
     1 | D        | Found the +9 heavy crossbow "Sniper" {vorpal, Acc+∞ SInv}
     1 | D        | Found the +10 dark maul {vorpal}
     1 | D        | Found the +15 Maxwell's patent armour {-Cast -Tele rElec
                  | Will+ rCorr}
     1 | D        | Found the +18 shield of the Gong {rElec rN+ Will+ EV-5}
     1 | D        | Found the cursed +14 obsidian axe {vorpal, +Fly SInv
                  | *Curse}
     1 | D        | Found the +7 great mace "Firestarter" {inner flame, rF++}
     1 | D        | Found the +6 shillelagh "Devastator" {shatter}
     1 | D        | Found the +11 plutonium sword {*Contam Stlth-}
     1 | D        | Found the +8 lance "Wyrmbane" {slay drac, rPois rF+ rC+
                  | AC+3}
     1 | D        | Found the +9 sword of Zonguldrok {reap}
     1 | D        | Found the cursed +13 scythe of Curses {drain, *Curse}
     1 | D        | Found the +0 sword of Power
     1 | D        | Found the +7 mace of Variability {chain chaos}
     1 | D        | Found the +7 Singing Sword {vorpal, sonic wave}
     1 | D        | Found the +8 storm bow {elec, penet}
     2 | D        | Reached skill level 3 in Earth Magic
     2 | D        | Reached XP level 2. HP: 26/26 MP: 1/4
     3 | D        | Banished a spatial maelstrom
    36 | D        | Found a transporter.
    36 | D        | Found an ancient bone altar of Kikubaaqudgha.
    36 | D        | Found a viscous altar of Jiyva.
    36 | D        | Found a corrupted altar of Lugonu.
    36 | D        | Found a hazy altar of Hepliaklqana.
    36 | D        | Found a burning altar of Makhleb.
    36 | D        | Found an opulent altar of Gozag.
   110 | D        | Became a worshipper of Gozag Ym Sagoz the Greedy
   141 | D        | Entered arena 2.
   141 | D        | Found a transporter.
   159 | D        | Entered arena 3.
   159 | D        | Noticed a yak
   159 | D        | Noticed a wolf
   159 | D        | Found a transporter.
   165 | D        | Killed a wolf
   166 | D        | Reached skill level 4 in Earth Magic
   166 | D        | Reached XP level 3. HP: 19/32 MP: 7/7
   166 | D        | Reached XP level 4. HP: 24/40 MP: 8/8
   172 | D        | Killed a yak
   173 | D        | Reached skill level 5 in Transmutations
   173 | D        | Reached skill level 6 in Earth Magic
   173 | D        | Reached XP level 5. HP: 32/46 MP: 8/10
   222 | D        | Entered arena 4.
   222 | D        | Noticed an eye of draining
   222 | D        | Found a transporter.
   233 | D        | Killed an eye of draining
   234 | D        | Reached XP level 6. HP: 54/54 MP: 0/12
   240 | D        | Reached skill level 5 in Shields
   336 | D        | Entered arena 5.
   336 | D        | Noticed a golden eye
   336 | D        | Noticed a floating eye
   336 | D        | Noticed a golden eye
   336 | D        | Found a transporter.
   342 | D        | Paralysed by a floating eye for 2 turns
   348 | D        | Paralysed by a floating eye for 4 turns
   353 | D        | Paralysed by a floating eye for 2 turns
   363 | D        | Reached skill level 5 in Spellcasting
   364 | D        | Paralysed by a floating eye for 3 turns
   369 | D        | Paralysed by a floating eye for 4 turns
   381 | D        | Paralysed by a floating eye for 3 turns
   388 | D        | Killed a floating eye
   389 | D        | Reached skill level 7 in Earth Magic
   389 | D        | Reached XP level 7. HP: 61/61 MP: 13/13
   514 | D        | Killed a golden eye
   532 | D        | Killed a golden eye
   544 | D        | Got the cursed ring of Goraigov {rPois AC-4 Int+9}
   551 | D        | Entered arena 6.
   551 | D        | Found a transporter.
   556 | D        | Reached skill level 8 in Earth Magic
   598 | D        | Entered arena 7.
   598 | D        | Noticed a slime creature
   598 | D        | Noticed a slime creature
   598 | D        | Noticed an eye of devastation
   598 | D        | Noticed a slime creature
   598 | D        | Noticed a slime creature
   599 | D        | Found the +8 whip "Snakebite" {curare, rPois}
   599 | D        | Found a transporter.
   607 | D        | Killed a slime creature
   608 | D        | Reached XP level 8. HP: 56/68 MP: 14/16
   623 | D        | Killed an eye of devastation
   628 | D        | Killed a slime creature
   629 | D        | Reached skill level 9 in Earth Magic
   639 | D        | Killed a slime creature
   643 | D        | Killed a slime creature
   701 | D        | Got the ring "Luskos" {rC+ rN+ Str+3 Dex-4}
   717 | D        | Entered arena 8.
   717 | D        | Noticed a merfolk
   717 | D        | Noticed a merfolk
   717 | D        | Noticed a merfolk
   717 | D        | Noticed a merfolk
   717 | D        | Noticed a merfolk
   718 | D        | Identified the +7 halberd of Xumegeff {vamp, rElec Str+4
                  | Stlth+}
   718 | D        | Found a transporter.
   724 | D        | Reached XP level 9. HP: 39/75 MP: 18/18
   729 | D        | Killed a merfolk
   730 | D        | Killed a merfolk
   731 | D        | Reached skill level 10 in Earth Magic
   733 | D        | Killed a merfolk
   734 | D        | Killed a merfolk
   735 | D        | Killed a merfolk
   835 | D        | Entered arena 9.
   836 | D        | Found a transporter.
   941 | D        | Entered arena 10.
   941 | D        | Noticed a cane toad
   942 | D        | Found a transporter.
   951 | D        | Killed a cane toad
   958 | D        | Reached skill level 11 in Earth Magic
   967 | D        | Reached XP level 10. HP: 17/83 MP: 21/21
  1098 | D        | Got the Papyrus of Earth and Moulding
  1130 | D        | Entered arena 11.
  1131 | D        | Found a transporter.
  1140 | D        | Reached skill level 1 in Fighting
  1147 | D        | Slain by an orc warrior

Illustrated notes

Levels and vault maps discovered:
D:        sprint_v [room_start, room_1, room_2, room_3, room_4, room_5, room_6,
          room_7, room_8, room_9, room_10, room_11, room_12, room_13, room_14,
          room_15, room_16, room_17, room_18, room_19, room_20, room_21,
          room_22, room_23, room_24, room_25, room_26, room_27]

Skill      XL: |  1  2  3  4  5  6  7  8  9 10 |
---------------+-------------------------------+-----
Spellcasting   | 2 3 4 5 6 8 |  8.2
Transmutations | 3 4 5 6 7 8 9 |  9.8
Earth Magic    | 3 4 6 7 8 9 11 | 11.2
Shields        | 2 4 5 6 8 9 |  9.0
Fighting       | 1 |  1.0
Dodging        | |  1.5
Unarmed Combat | |  3.2

Action                   |  1- 3 |  4- 6 |  7- 9 | 10-12 || total
-------------------------+-------+-------+-------+-------++-------
Melee: Unarmed           |    13 |    47 |   147 |    36 ||   243
Invok: Call Merchant     |       |       |     2 |       ||     2
Evoke: Wand              |       |       |     3 |       ||     3
       Tin of tremorston |       |       |     3 |       ||     3
       Lightning rod     |       |       |     3 |       ||     3
       Condenser vane    |       |       |     1 |       ||     1
  Use: Potion            |     1 |       |     9 |     3 ||    13
Armor: Storm dragon scal |     8 |    19 |    81 |    43 ||   151
Dodge: Dodged            |     2 |     1 |     7 |     5 ||    15
Block: Kite shield       |    20 |    42 |   262 |   108 ||   432

Table legend: (Time is in decaauts)
 A = Elapsed time spent in this place.
 B = Non-inter-level travel time spent in this place.
 C = Inter-level travel time spent in this place.
 D = Time resting spent in this place.
 E = Time spent auto-exploring this place.
 F = Levels seen in this place.
 G = Mean time per level.
                   A        B        C        D        E       F      G
               +--------+--------+--------+--------+--------+-----+--------+
         Total |   1149 |   1149 |      0 |    167 |    261 |   1 | 1149.0 |
       Dungeon |   1149 |   1149 |      0 |    167 |    261 |   1 | 1149.0 |
               +--------+--------+--------+--------+--------+-----+--------+

Top non-repeatable levels by time:
       D: 1149 daAuts
